 Dungeon Crawl Stone Soup version 0.28.0-53-g5a82cb258f (webtiles) character file.

Game seed: 12536326213655868631

90 ILmort the Cudgeller (level 4, 0/39 HPs)
             Began as a Minotaur Fighter on Aug 9, 2022.
             Succumbed to Sigmund's poison
             ... on level 3 of the Dungeon.
             The game lasted 00:04:22 (1696 turns).

ILmort the Cudgeller (Minotaur Fighter)             Turns: 1696, Time: 00:04:22

Health: 0/39       AC:  6    Str: 23    XL:     4   Next: 32%
Magic:  3/3        EV:  9    Int:  5    God:
Gold:   87         SH:  0    Dex:  9    Spells: 3/3 levels left

rFire   . . .      SeeInvis .   f - +2 whip (elec)
rCold   . . .      Faith    .   c - +0 buckler
rNeg    . . .      Spirit   .   b - +0 scale mail
rPois   .          Reflect  .   (helmet restricted)
rElec   .          Harm     .   (no cloak)
rCorr   .          Rampage  .   (no gloves)
Will    .....                   (no boots)
Stlth   ..........              (no amulet)
HPRegen 0.13/turn               (no ring)
MPRegen 0.08/turn               (no ring)

@: confused, lethally poisoned (0 -> -12)
A: horns 2, retaliatory headbutt
a: no special abilities


You were on level 3 of the Dungeon.
You visited 1 branch of the dungeon, and saw 3 of its levels.

You collected 87 gold pieces.

Inventory:

Hand Weapons
 f - a +2 whip of electrocution (weapon)
Armour
 b - a +0 scale mail (worn)
 c - a +0 buckler (worn)
Scrolls
 e - a scroll of magic mapping {unknown}
 g - 2 scrolls of identify {unknown}
 h - 2 scrolls of immolation {unknown}
 j - a scroll of silence {unknown}
 l - a scroll of teleportation {unknown}
Potions
 a - a potion of heal wounds {unknown}
 d - a potion of might
 i - a potion of resistance {unknown}
 k - a potion of curing {unknown}


   Skills:
 - Level 3.6 Fighting
 + Level 5.6 Maces & Flails
 - Level 3.6 Armour
 - Level 3.6 Shields


You had 3 spell levels left.
You didn't know any spells.
Your spell library contained the following spells:

 Spells                   Type           Power      Damage    Failure   Level
 Blink                    Tloc           0%         N/A       95%         2
 Manifold Assault         Tloc           0%         N/A       100%        5
 Storm Form               Tmut/Air       0%         N/A       100%        7


Dungeon Overview and Level Annotations

Branches:
Dungeon (3/15)

Altars:

Annotations:
D:3 Sigmund


Innate Abilities, Weirdness & Mutations

You have a pair of horns on your head.
You reflexively headbutt those who attack you in melee.


Message History

Done exploring.
You see here a rat corpse.
There is a stone staircase leading down here.
You climb downwards.
You hear the sound of rushing water.
There is an entrance to a sewer on this level.
Hurry and find it before the portal rusts away!
There is a stone staircase leading up here.
The rat bites you but does no damage.
You closely miss the rat. The rat barely misses you.
You whack the rat!
You kill the rat!
You see here a rat corpse.
Sigmund the Dreaded comes into view.
He is wielding a +1 scythe of venom.
Sigmund shouts!
A rat comes into view.
Sigmund hits you with a +1 scythe of venom!
You hit Sigmund but do no damage. Your headbutt misses Sigmund.
You hit Sigmund but do no damage. You headbutt Sigmund.
Sigmund is lightly wounded.
Sigmund hits you with a +1 scythe of venom!
You closely miss Sigmund. Your headbutt misses Sigmund.
Sigmund is lightly wounded.
Sigmund points at you and mumbles some strange words.
You are confused.
You hit Sigmund. Your headbutt misses Sigmund.
Sigmund is lightly wounded.
Sigmund hits you with a +1 scythe of venom.
You are poisoned.
You bump into the rock wall.
You feel very sick.
You bump into the rock wall.
You feel sick.
Sigmund hits you with a +1 scythe of venom!
* * * LOW HITPOINT WARNING * * *
You are more poisoned.
* * * LOW HITPOINT WARNING * * *
You feel very sick. Sigmund barely misses you.
You hit Sigmund. Lightning courses through Sigmund!!
Sigmund is almost dead.
You die...

####### #@....#
#####
#@###.###......
#r.....<..#
#..#..†####
..............#
r.@####.##...##
#.###.## #.#
#.# #.. ..#


You could see Sigmund and a rat.

Vanquished Creatures
  3 adders (D:2)
  3 dart slugs (D:1)
  5 endoplasms
  4 giant cockroaches
  5 goblins
  9 hobgoblins
  5 jackals (D:1)
  3 kobolds
  A quokka (D:1)
  4 ball pythons
  2 bats (D:1)
  2 frilled lizards
  6 rats
52 creatures vanquished.

Notes
Turn   | Place    | Note
-------+----------+-------------------------------------------
     0 | D:1      | ILmort the Minotaur Fighter began the quest for the Orb.
     0 | D:1      | Reached XP level 1. HP: 19/19 MP: 0/0
   130 | D:1      | Reached skill level 3 in Maces & Flails
   251 | D:1      | Reached XP level 2. HP: 26/26 MP: 1/1
   294 | D:1      | Reached skill level 4 in Maces & Flails
   598 | D:1      | Reached XP level 3. HP: 24/31 MP: 2/2
  1167 | D:2      | Reached skill level 5 in Maces & Flails
  1222 | D:2      | Reached XP level 4. HP: 33/39 MP: 3/3
  1680 | D:3      | Noticed Sigmund
  1696 | D:3      | Succumbed to Sigmund's poison

Illustrated notes

Levels and vault maps discovered:
D:1:      lemuel_arrival_river_bridge, layout_basic
D:2:      layout_rooms
D:3:      layout_loops_corners, grunt_temple_overflow_lords_of_destruction,
          grunt_temple_overflow_open, cheibrodos_sewer_entry_sluice,
          hellmonk_ecumenical_altar_lost_god, nicolae_figureground_sparkle,
          uniq_sigmund, uniq_terence

Skill      XL: |  1  2  3 |
---------------+----------+-----
Maces & Flails | 3 4 5 |  5.6
Fighting       | |  3.6
Armour         | |  3.6
Shields        | |  3.6

Action                   |  1- 3 |  4- 6 || total
-------------------------+-------+-------++-------
Melee: Flail             |    10 |       ||    10
       Whip              |    77 |    26 ||   103
       Headbutt          |    11 |     3 ||    14
Armor: Scale mail        |    31 |     8 ||    39
Dodge: Dodged            |    52 |     6 ||    58
Block: Buckler           |    23 |     1 ||    24
